 Dungeon Crawl Stone Soup version 0.29.0-13-gc9e81de378 (webtiles) character file.

Game seed: 9555889205934353643

14 Powertoast the Grave Robber (level 2, -1/27 HPs)
             Began as an Ogre Necromancer on Sept 10, 2022.
             Succumbed to a kobold's poison
             ... on level 2 of the Dungeon.
             The game lasted 00:02:07 (694 turns).

Powertoast the Grave Robber (Ogre Necromancer)       Turns: 694, Time: 00:02:08

Health: -1/27      AC:  3    Str: 11    XL:     2   Next: 41%
Magic:  1/6        EV:  9    Int: 16    God:
Gold:   11         SH:  0    Dex:  9    Spells: 6/7 levels left

rFire   . . .      SeeInvis .   (no weapon)
rCold   . . .      Faith    .   (no shield)
rNeg    . . .      Spirit   .   a - +0 robe
rPois   .          Reflect  .   (helmet restricted)
rElec   .          Harm     .   (no cloak)
rCorr   .          Rampage  .   (gloves unavailable)
Will    .....                   (boots unavailable)
Stlth   +.........              (no amulet)
HPRegen 0.09/turn               (no ring)
MPRegen 0.10/turn               (no ring)

@: lethally poisoned (-1 -> -13)
A: large, unfitting armour, tough skin 1
a: no special abilities


You were on level 2 of the Dungeon.
You visited 1 branch of the dungeon, and saw 2 of its levels.

You collected 11 gold pieces.

Inventory:

Armour
 a - a +0 robe (worn)
Scrolls
 c - a scroll of magic mapping {unknown}
 d - 2 scrolls of identify {unknown}
 e - a scroll of silence {unknown}
 f - a scroll of vulnerability {unknown}
 g - a scroll of torment {unknown}
Potions
 b - a potion of magic


   Skills:
 + Level 1.1 Fighting
 - Level 1.7 Dodging
 - Level 1.4 Stealth
 * Level 3.0 Spellcasting
 + Level 3.7 Necromancy


You had 6 spell levels left.
You knew the following spells:

 Your Spells              Type           Power      Damage    Failure   Level
a - Necrotise             Necr           56%        1d6       4%          1

Your spell library contained the following spells:

 Spells                   Type           Power      Damage    Failure   Level
 Vampiric Draining        Necr           14%        2d7       12%         3
 Slow                     Hex            8%         N/A       19%         1
 Animate Dead             Necr           14%        N/A       36%         4
 Confusing Touch          Hex            2%         N/A       50%         3
 Agony                    Necr           14%        N/A       73%         5


Dungeon Overview and Level Annotations

Branches:
Dungeon (1/15)

Altars:


Innate Abilities, Weirdness & Mutations

You are too large for most types of armour.
You have tough skin. (AC +1)


Message History

The worm writhes in agony.
The worm barely resists.
The worm writhes in agony.
The worm writhes in agony.
The worm writhes in agony.
You are out of magic!
A hobgoblin comes into view.
The hobgoblin moves out of view.
The worm writhes in agony.
You are out of magic!
A kobold comes into view. It is wielding a +0 dagger of venom.
The kobold shouts!
A bat comes into view.
A goblin comes into view. It is wielding a +0 dagger.
The bat moves out of view.
The kobold hits you with a +0 dagger of venom.
You are poisoned.
You feel very sick. The kobold hits you but does no damage.
You are more poisoned.
The kobold attacks as you move away!
The kobold hits you with a +0 dagger of venom.
You feel very sick.
You feel very sick. The kobold hits you but does no damage.
The kobold attacks as you move away!
The kobold hits you with a +0 dagger of venom.
You feel very sick. The kobold attacks as you move away!
The kobold barely misses you.
* * * LOW HITPOINT WARNING * * *
You feel sick.
* * * LOW HITPOINT WARNING * * *
You feel sick. The kobold closely misses you.
* * * LOW HITPOINT WARNING * * *
You feel sick. The kobold attacks as you move away!
The kobold hits you but does no damage.
You are lethally poisoned!
* * * LOW HITPOINT WARNING * * *
You feel very sick.
You die...

......#######
............#
...b...).##.#####
......#....w....#
###.w#...g....
#...###.......
##g### #####.##
#####..# #...
#.@.K.## ####
#.##### ... ..##.
... .. ## .. ...
...


You could see a kobold.

Vanquished Creatures
  A dart slug (D:1)
  An endoplasm (D:1)
  A giant cockroach (D:1)
  2 kobolds (D:1)
  A ball python (D:1)
  A bat (D:1)
  2 frilled lizards (D:1)
  3 rats (D:1)
12 creatures vanquished.

Vanquished Creatures (collateral kills)
  A giant cockroach (D:1)
1 creature vanquished.

Grand Total: 13 creatures vanquished

Notes
Turn   | Place    | Note
-------+----------+-------------------------------------------
     0 | D:1      | Powertoast the Ogre Necromancer began the quest for the
                  | Orb.
     0 | D:1      | Reached XP level 1. HP: 16/16 MP: 3/3
    79 | D:1      | Noticed a golden eye
    81 | D:1      | Found a faded altar of an unknown god.
    83 | D:1      | Noticed a floating eye
    88 | D:1      | Noticed an eye of devastation
    91 | D:1      | Noticed a floating eye
   187 | D:1      | Reached XP level 2. HP: 23/26 MP: 1/5
   313 | D:1      | Reached skill level 1 in Fighting
   663 | D:1      | You fall into a shaft and drop 1 floor!
   694 | D:2      | Succumbed to a kobold's poison

Illustrated notes

Levels and vault maps discovered:
D:1:      dpeg_arrival_tiny_e, layout_basic,
          hellmonk_ecumenical_altar_watching_god
D:2:      layout_rooms, minmay_close_crescents

Skill      XL: |  1  2 |
---------------+-------+-----
Fighting       | 1 |  1.1
Spellcasting   | 3 |  3.0
Dodging        | |  1.7
Stealth        | |  1.4
Necromancy     | |  3.7

Action                   || total
-------------------------++-------
Melee: Unarmed           ||    13
 Cast: Necrotise         ||    27
Armor: Robe              ||    15
Dodge: Dodged            ||    19
